 Dungeon Crawl Stone Soup version 0.32-a0-290-g598725c5f2 (webtiles) character file.

Game seed: 3387042282794232322

36 Bravepunisher the Ducker (level 3, -2/19 HPs)
             Began as a Spriggan Monk on Feb 13, 2024.
             Succumbed to an orc's poison
             ... on level 6 of the Dungeon.
             The game lasted 00:02:53 (548 turns).

Bravepunisher the Ducker (Spriggan Monk)             Turns: 548, Time: 00:02:53

Health: -2/19      AC:  2    Str:  7    XL:     3   Next: 19%
Magic:  4/4        EV: 20    Int: 11    God:
Gold:   18         SH:  0    Dex: 19    Spells: 2/2 levels left

rFire   . . .        a - +0 short sword
rCold   . . .        (no shield)
rNeg    . . .        b - +0 robe
rPois   .            (helmet restricted)
rElec   .            (no cloak)
rCorr   .            (gloves unavailable)
SInv    +            (boots unavailable)
Will    .....        (no amulet)
Stlth   ++           (no ring)
HPRegen 0.23/turn    (no ring)
MPRegen 0.09/turn

%: no passive effects
@: lethally poisoned (-2 -> -14), hasted, very quick
A: very small, no large weapons, unfitting armour, see invisible, speed 3
a: no special abilities


You were on level 6 of the Dungeon.
You visited 1 branch of the dungeon, and saw 6 of its levels.

You collected 18 gold pieces.

Inventory:

Hand Weapons
 a - a +0 short sword (weapon)
Armour
 b - a +0 robe (worn)
Scrolls
 e - a scroll of fog {unknown}
 f - a scroll of teleportation {unknown}
 g - a scroll of summoning {unknown}
Potions
 c - a potion of ambrosia


   Skills:
 + Level 2.8 Fighting
 - Level 3.2 Short Blades
 * Level 5.2 Dodging


You had 2 spell levels left.
You didn't know any spells.
Your spell library was empty.

Dungeon Overview and Level Annotations

Branches:
Dungeon (6/15)
 Temple: D:4-7

Altars:


Innate Abilities, Weirdness & Mutations

You are very small and have problems with some larger weapons.
You are too small for most types of armour.
You have supernaturally acute eyesight. (SInv)
You cover ground extremely quickly. (Speed+++)


Message History

An orc comes into view. It is wielding a +1 dagger of venom.
The orc shouts!
There is a stone staircase leading down here.
You don't know any spells.
You don't know any spells.
You don't know any spells.
You don't know any spells.
You don't know any spells.
You don't know any spells.
You don't know any spells.
You don't know any spells.
You don't know any spells.
You don't know any spells.
You don't know any spells.
You don't know any spells.
You don't know any spells.
You don't know any spells.
The orc hits you with a +1 dagger of venom.
You are poisoned.
You feel very sick. The orc completely misses you.
You climb downwards.
You hear the hiss of flowing sand.
There is an entrance to an ossuary on this level.
Hurry and find it before the portal is buried!
You feel sick.
There is a stone staircase leading up here.
Unknown command.
You feel sick.
The orc hits you with a +1 dagger of venom.
You are lethally poisoned!
You feel very sick. The orc attacks as it pursues you!
The orc hits you with a +1 dagger of venom.
* * * LOW HITPOINT WARNING * * *
* * * LOW HITPOINT WARNING * * *
You feel sick.
* * * LOW HITPOINT WARNING * * *
You feel sick. The orc attacks as it pursues you! The orc misses you.
It was a potion of haste.
You feel yourself speed up.
You die...

##### ###...#
#....<#####.
#.o...O.....#
#@#.#.#######
#.......##.##
...###### ##


You could see an ogre and an orc.

Vanquished Creatures
  2 adders
  A ball python (D:2)
  2 bats
  A goblin (D:1)
  3 hobgoblins
  A frilled lizard (D:3)
  A kobold (D:2)
11 creatures vanquished.

Notes
Turn   | Place    | Note
-------+----------+-------------------------------------------
     0 | D:1      | Bravepunisher the Spriggan Monk began the quest for the
                  | Orb.
     0 | D:1      | Reached XP level 1. HP: 11/11 MP: 2/2
    27 | D:1      | You fall into a shaft and drop 1 floor!
    99 | D:2      | Found a faded altar of an unknown god.
   177 | D:2      | Reached XP level 2. HP: 16/16 MP: 3/3
   196 | D:2      | Reached skill level 5 in Dodging
   418 | D:5      | Entered Level 5 of the Dungeon
   454 | D:5      | Reached XP level 3. HP: 6/19 MP: 4/4
   543 | D:6      | Noticed an ogre
   548 | D:6      | Succumbed to an orc's poison

Illustrated notes

Levels and vault maps discovered:
D:1:      tarquinn_simple_flora_water_a, layout_basic
D:2:      minmay_evil_eye, layout_loops_ring,
          shapermc_ecumenical_altar_rom_forum, minmay_octomino_e4
D:3:      wad_river_or_something, layout_basic, nicolae_uskayaw_en_pointe,
          gammafunk_ghost_grave
D:4:      layout_gridville, chequers_temple_overflow_statue_of_worship
D:5:      layout_basic, minmay_temple_entry_junction_2
D:6:      layout_loops_cross, mainiacjoe_ossuary_entry_dusty_tomb

Skill      XL: |  1  2 |
---------------+-------+-----
Dodging        | 5 |  5.2
Fighting       | |  2.8
Short Blades   | |  3.2

Action                     || total
---------------------------++-------
  Melee: Short sword       ||    59
    Use: Potion            ||     1
 Armour: Robe              ||    21
  Dodge: Dodged            ||    63

Table legend: (Time is in decaauts)
 A = Elapsed time spent in this place.
 B = Non-inter-level travel time spent in this place.
 C = Inter-level travel time spent in this place.
 D = Time resting spent in this place.
 E = Time spent auto-exploring this place.
 F = Levels seen in this place.
 G = Mean time per level.
                   A        B        C        D        E       F      G
               +--------+--------+--------+--------+--------+-----+--------+
         Total |    386 |    386 |      0 |      0 |    156 |   6 |   64.3 |
       Dungeon |    386 |    386 |      0 |      0 |    156 |   6 |   64.3 |
               +--------+--------+--------+--------+--------+-----+--------+

Top non-repeatable levels by time:
     D:2: 130 daAuts
     D:5: 100 daAuts
     D:4: 94 daAuts
     D:3: 38 daAuts
     D:1: 19 daAuts
     D:6: 3 daAuts
